 Dungeon Crawl Stone Soup version 0.29-a0-284-gf9362112df (webtiles) character file.

Game seed: 5020384183056853090

5 spaghetti the Digger (level 1, 0/13 HPs)
             Began as a Demonspawn Earth Elementalist on Mar 21, 2022.
             Constricted to death by a ball python (1 damage)
             ... on level 1 of the Dungeon.
             The game lasted 00:00:42 (388 turns).

spaghetti the Digger (Demonspawn Earth Elementalist) Turns: 388, Time: 00:00:42

Health: 0/13       AC:  2    Str:  8    XL:     1   Next: 66%
Magic:  3/3        EV:  9    Int: 16    God:
Gold:   13         SH:  0    Dex: 13    Spells: 3/4 levels left

rFire   . . .      SeeInvis .   (no weapon)
rCold   . . .      Faith    .   (no shield)
rNeg    . . .      Spirit   .   b - +0 robe
rPois   .          Reflect  .   (no helmet)
rElec   .          Harm     .   (no cloak)
rCorr   .          Rampage  .   (no gloves)
Will    .....                   (no boots)
Stlth   ++........              (no amulet)
HPRegen 0.04/turn               (no ring)
MPRegen 0.08/turn               (no ring)

@: very slightly contaminated, constricted
A: no striking features
a: no special abilities


You were on level 1 of the Dungeon.
You visited 1 branch of the dungeon, and saw 1 of its levels.

You collected 13 gold pieces.


   Skills:
 - Level 1.7 Dodging
 - Level 1.7 Stealth
 + Level 2.4 Spellcasting
 - Level 0.8 Transmutations
 - Level 2.6 Earth Magic


You had 3 spell levels left.
You knew the following spells:

 Your Spells              Type           Power      Damage    Failure   Level
a - Sandblast             Erth           20%        2d7       7%          1

Your spell library contained the following spells:

 Spells                   Type           Power      Damage    Failure   Level
 Passwall                 Tmut/Erth      5%         N/A       14%         2
 Stone Arrow              Conj/Erth      12%        3d7       34%         3
 Petrify                  Tmut/Erth      7%         N/A       67%         4

Inventory:

Hand Weapons
 e - a +0 short sword {short}
   (You took it off a kobold on level 1 of the Dungeon)
 g - a +0 club {mace}
   (You found it on level 1 of the Dungeon)
 h - a +0 dagger {short}
   (You took it off a kobold on level 1 of the Dungeon)
 i - a +0 hunting sling {sling}
   (You found it on level 1 of the Dungeon)
Missiles
 a - 48 stones {throwing}
Armour
 b - a +0 robe (worn)
Scrolls
 d - a scroll of identify {unknown}
 f - a scroll of noise {unknown}
 j - a scroll of brand weapon {unknown}

Dungeon Overview and Level Annotations

Branches:
Dungeon (1/15)

Altars:

### #### #.. ..# #.
#.# #.# .#
#.#####.###### ..###
#.##..........
....###.##.##.######
#....[>..##.#
#S###.......#
#@...########
#......# #....#.#
.......####.#
###.#### # #. .


You could see a ball python.


Message History

Aim: a kobold, wielding a +0 dagger and quivering stones (74% to hit)
The blast of sand misses the kobold. 😕 MP[-1]
You lost 1 mp, and now have 1/3 mp.
The blast of sand hits the kobold.
You kill the kobold! 😕 MP[-1]
You lost 1 mp, and now have 0/3 mp.
Casting: Sandblast (safe; 7% risk of failure)
Confirm with . or Enter, or press ? or * to list all spells.
You don't know that spell.
h - a +0 dagger {short};
a - 49 stones {throwing} (gained 5)
You see here a kobold corpse. 😎 HP[+1] MP[+3]
Your hp is fully restored (13).
Your mp is fully restored (3).
i - a +0 hunting sling {sling}
Found a stone staircase leading down.
j - a scroll labelled ZUOS PYISOZEWK A ball python comes into view.
The ball python hisses angrily.
The ball python moves out of view.
A ball python is nearby!
A ball python is nearby!
A ball python is nearby!
A ball python is nearby!
Aiming: Sandblast (safe; 7% risk of failure)
Press: ? - help, Q - select action, (/) - cycle Shift-Dir - straight line, f - ball python
Aim: a ball python (77% to hit)
The blast of sand misses the ball python.
The ball python barely misses you. The ball python grabs you.
The ball python constricts you. 😕 HP[-1] MP[-1]
You take 1 damage, and now have 12/13 hp.
You lost 1 mp, and now have 2/3 mp.
Aiming: Sandblast (safe; 7% risk of failure)
Press: ? - help, Q - select action, (/) - cycle Shift-Dir - straight line, f/p - ball python
Aim: a ball python (constricting you, 77% to hit)
You miscast Sandblast.
You are very lightly contaminated with residual magic.
Nothing appears to happen.
The ball python bites you but does no damage.
The ball python constricts you. 😕 MP[-1]
You lost 1 mp, and now have 1/3 mp.
Aiming: Sandblast (safe; 7% risk of failure)
Press: ? - help, Q - select action, (/) - cycle Shift-Dir - straight line, f/p - ball python
Aim: a ball python (constricting you, 77% to hit)
You miscast Sandblast.
Nothing appears to happen.
The ball python bites you but does no damage.
The ball python constricts you. The ball python barely misses you.
The ball python constricts you. 😕 HP[-1] MP[-1]
You take 1 damage, and now have 11/13 hp.
You lost 1 mp, and now have 0/3 mp.
Unknown command.
Really attack while wielding nothing? [Y]es or [N]o only, please.
Really attack while wielding nothing? [Y]es or [N]o only, please.
Really attack while wielding nothing? [Y]es or [N]o only, please.
Really attack while wielding nothing? [Y]es or [N]o only, please.
Really attack while wielding nothing? [Y]es or [N]o only, please.
Really attack while wielding nothing?
You closely miss the ball python. The ball python bites you.
The ball python constricts you. 😮 HP[-2]
You take 2 damage, and now have 9/13 hp.
You hit the ball python. The ball python bites you.
* * * LOW HITPOINT WARNING * * *
The ball python constricts you. 😨 HP[-3]
You take 3 damage, and now have 6/13 hp.
MASSIVE DAMAGE!! (PAUSE)
You hit the ball python but do no damage.
The ball python bites you but does no damage.
The ball python constricts you.
You closely miss the ball python. The ball python bites you.
* * * LOW HITPOINT WARNING * * *
The ball python constricts you.
* * * LOW HITPOINT WARNING * * *
😨 HP[-2]
You take 2 damage, and now have 4/13 hp.
You barely miss the ball python. The ball python bites you.
* * * LOW HITPOINT WARNING * * *
The ball python constricts you. The ball python barely misses you.
The ball python constricts you.
* * * LOW HITPOINT WARNING * * *
😱 HP[-3]
You take 3 damage, and now have 1/13 hp.
MASSIVE DAMAGE!! (PAUSE) Unknown command.
You don't have enough magic to cast this spell.
Magic courses through your body. The ball python closely misses you.
The ball python constricts you.
You die...

Action                   || total
-------------------------++-------
Melee: Unarmed           ||     5
 Cast: Sandblast         ||    11
  Use: Potion            ||     1
Armor: Robe              ||     3
Dodge: Dodged            ||     6

Levels and vault maps discovered:
D:1:      sevenhm_arrival_forest_fort_large_2, layout_loops_ring,
          dreamdust_mushroom_princess

Notes
Turn   | Place    | Note
-------+----------+-------------------------------------------
     0 | D:1      | spaghetti the Demonspawn Earth Elementalist began the quest
                  | for the Orb.
     0 | D:1      | Reached XP level 1. HP: 13/13 MP: 3/3
     0 | D:1      | magus.rc [v1.9.6]
   387 | D:1      | HP: 2/13 [ball python (2)]
   388 | D:1      | Constricted to death by a ball python

Vanquished Creatures
  A hobgoblin (D:1)
  A quokka (D:1)
  A ball python (D:1)
  A frilled lizard (D:1)
  2 kobolds (D:1)
6 creatures vanquished.

Table legend:
 A = Non-vault XP
 B = Vault XP
 C = Vault XP percentage of total XP
 D = Non-vault monster count
 E = Vault monster count
 F = Vault count percentage of total count
                 A         B        C        D         E       F
            +---------+---------+-------+---------+---------+-------
      Total |       8 |       0 |   0.0 |       6 |       0 |   0.0
            +---------+---------+-------+---------+---------+-------
        D:1 |       8 |       0 |   0.0 |       6 |       0 |   0.0
            +---------+---------+-------+---------+---------+-------

Illustrated notes

Table legend:
 A = Kills in this place as a percentage of kills in entire the game.
 B = Kills by you in this place as a percentage of kills by you in the entire game.
 C = Kills by friends in this place as a percentage of kills by friends in the entire game.
 D = Other kills in this place as a percentage of other kills in the entire game.
 E = Experience gained in this place as a percentage of experience gained in the entire game.
 F = Experience gained in this place divided by the number of levels of this place that you have seen.
                   A       B       C       D       E      F
               +-------+-------+-------+-------+-------+----------------------
         Total | 100.0 | 100.0 |   N/A |   N/A | 100.0 |   8.0
       Dungeon | 100.0 | 100.0 |   N/A |   N/A | 100.0 |   8.0
               +-------+-------+-------+-------+-------+----------------------

Table legend: (Time is in decaauts)
 A = Elapsed time spent in this place.
 B = Non-inter-level travel time spent in this place.
 C = Inter-level travel time spent in this place.
 D = Time resting spent in this place.
 E = Time spent auto-exploring this place.
 F = Levels seen in this place.
 G = Mean time per level.
                   A        B        C        D        E       F      G
               +--------+--------+--------+--------+--------+-----+--------+
         Total |    388 |    388 |      0 |      0 |    338 |   1 |  388.0 |
       Dungeon |    388 |    388 |      0 |      0 |    338 |   1 |  388.0 |
               +--------+--------+--------+--------+--------+-----+--------+

Top non-repeatable levels by time:
     D:1: 388 daAuts
